 Dungeon Crawl Stone Soup version 0.20.1-1-g8b1a95d (webtiles) character file.

330 vineage the Slasher (level 6, -1/72 HPs)
             Began as a Demonspawn Berserker on Aug 28, 2017.
             Was a Believer of Trog.
             Killed from afar by an orc wizard (7 damage)
             ... with a magic dart
             ... on level 4 of the Dungeon.
             The game lasted 00:05:34 (3280 turns).

vineage the Slasher (Demonspawn Berserker)          Turns: 3280, Time: 00:05:35

Health: -1/72      AC: 12    Str: 24    XL:     6   Next: 26%
Magic:  6/6        EV:  8    Int:  9    God:    Trog [**....]
Gold:   155        SH:  3    Dex: 12    Spells: 5/5 levels left

rFire    . . .     SeeInvis .   a - +0 falchion
rCold    + . .     Gourm    .   u - +0 buckler
rNeg     . . .     Faith    .   h - +0 chain mail
rPois    .         Spirit   .   (no helmet)
rElec    .         Reflect  .   (no cloak)
rCorr    .         Harm     .   (no gloves)
MR       .....                  j - +0 pair of boots
Stlth    ..........             (no amulet)
Regen    0.3/turn               (no ring)
MPRegen  0.1/turn               (no ring)

@: berserking (expiring), lethally poisoned (-1 -> -20), flying, very quick
A: claws 1, iridescent scales 1, cold resistance 1, nightstalker 1
a: Berserk, Trog's Hand, Burn Spellbooks, Renounce Religion


You were on level 4 of the Dungeon.
You worshipped Trog.
Trog was pleased with you.
You were very hungry.

You visited 1 branch of the dungeon, and saw 4 of its levels.

You collected 155 gold pieces.

Inventory:

Hand Weapons
 a - a +0 falchion (weapon)
Armour
 b - a +0 animal skin
 h - a +0 chain mail (worn)
 j - a +0 pair of boots (worn)
 u - a +0 buckler (worn)
Wands
 l - a wand of random effects (32/48)
Scrolls
 f - 2 scrolls of magic mapping {unknown}
 g - a scroll of enchant armour {unknown}
 i - 3 scrolls of recharging {unknown}
 m - 2 scrolls of identify {unknown}
 n - a scroll of enchant weapon {unknown}
 q - a scroll of teleportation {unknown}
Potions
 o - a potion of degeneration {unknown}
 p - a potion of agility {unknown}
 r - a potion of ambrosia {unknown}
 s - a potion of might {unknown}
Comestibles
 c - 3 bread rations
 d - 3 royal jellies


   Skills:
 + Level 4.1 Fighting
 + Level 4.6 Long Blades
 + Level 3.5 Armour
 + Level 2.1 Dodging
 + Level 1.0 Stealth


You had 5 spell levels left.
You didn't know any spells.

Dungeon Overview and Level Annotations

Branches:
Dungeon (4/15)
 Temple: D:4-7

Altars:


Innate Abilities, Weirdness & Mutations

You have sharp fingernails.
You are partially covered in iridescent scales. (AC +2)
Your flesh is cold resistant. (rC+)
You are slightly more attuned to the shadows.


Message History

You feel sick. Something hits you but does no damage.
You slash the orc!
You kill the orc!
Trog accepts your kill.
* * * LOW HITPOINT WARNING * * *
You feel sick. Something hits you but does no damage.
* * * LOW HITPOINT WARNING * * *
You feel sick.
Things that are here:
a dagger of venom; a robe; a worm corpse You feel a strong urge to attack something.
* * * LOW HITPOINT WARNING * * *
You feel sick.
You see here 23 bolts.
* * * LOW HITPOINT WARNING * * *
You feel sick.
You hear some strange, mumbled words.
A magic dart appears from out of thin air!
The magic dart hits you!
You die...

#.# #.# #..# #.# #.#
#..# #.# #.# #..#
###.##### #.# #
.##.....# #.# ..
.######.# #.# .. .# #.#
#.### .# .# #.#
#..†####..# .# #.#
#..>.@(...# .#
#.####...###....# .#
#.#........o...... .#
#...............## )#
###......[.....##
.###########...#......
)†.............#.#..###
.###########...#.#..#
.## ####.##....


There were no monsters in sight!

Vanquished Creatures
  3 orc wizards (D:4)
  Ijyb (D:3)
  Jessica (D:3)
  Terence (D:3)
  An iguana (D:4)
  7 adders
  3 worms
  A dart slug (D:1)
  2 leopard geckos (D:1)
  5 orcs
  7 bats
  A giant cockroach (D:1)
  4 goblins
  7 hobgoblins
  2 jackals (D:2)
  9 kobolds
  2 quokkas
  6 frilled lizards
  9 rats
72 creatures vanquished.

Notes
Turn   | Place    | Note
-------+----------+-------------------------------------------
     0 | D:1      | vineage the Demonspawn Berserker began the quest for the Orb.
     0 | D:1      | Reached XP level 1. HP: 18/18 MP: 1/1
   100 | D:1      | Gained mutation: You are slightly more attuned to the shadows. [demonic ancestry]
   100 | D:1      | Reached XP level 2. HP: 2/24 MP: 2/2
  1023 | D:2      | Gained mutation: You have sharp fingernails. [demonic ancestry]
  1023 | D:2      | Reached XP level 3. HP: 24/29 MP: 3/3
  1592 | D:2      | Reached ** piety under Trog
  1990 | D:2      | Gained mutation: You are partially covered in iridescent scales. (AC +2) [demonic ancestry]
  1990 | D:2      | Reached XP level 4. HP: 37/37 MP: 4/4
  2194 | D:3      | Noticed Terence
  2212 | D:3      | Killed Terence
  2386 | D:3      | Gained mutation: Your flesh is cold resistant. (rC+) [demonic ancestry]
  2386 | D:3      | Reached XP level 5. HP: 42/42 MP: 5/5
  2410 | D:3      | Noticed Ijyb
  2421 | D:3      | Paralysed by Ijyb for 7 turns
  2432 | D:3      | Paralysed by Ijyb for 5 turns
  2481 | D:3      | Killed Ijyb
  2481 | D:3      | Reached skill level 1 in Stealth
  2573 | D:3      | Noticed Jessica
  2579 | D:3      | Killed Jessica
  3114 | D:4      | Reached XP level 6. HP: 36/48 MP: 6/6
  3280 | D:4      | Killed from afar by an orc wizard

Skill      XL: |  1  2  3  4  5 |
---------------+----------------+-----
Long Blades    | 3 4 |  4.6
Dodging        | 2 |  2.1
Armour         | 2 3 |  3.5
Stealth        | 1 |  1.0
Fighting       | 4 |  4.1

Action                   |  1- 3 |  4- 6 || total
-------------------------+-------+-------++-------
Melee: Falchion          |   132 |   191 ||   323
  Use: Potion            |     1 |     5 ||     6
 Stab: Sleeping          |     2 |       ||     2
  Eat: Chunk             |     2 |     5 ||     7
Armor: Animal skin       |     7 |       ||     7
       Chain mail        |    49 |   146 ||   195
Dodge: Dodged            |    67 |    72 ||   139
Block: Buckler           |       |     8 ||     8
       Rpst.: Falchion   |    19 |    18 ||    37
